 Dungeon Crawl Stone Soup version 0.29-a0-997-gf6f7e2dfe7 (webtiles) character file.

Game seed: 15914142368963321661

2156 Newt the Twirler (level 9, -9/55 HPs)
             Began as a Gargoyle Monk on Aug 4, 2022.
             Killed from afar by a gnoll (22 damage)
             ... with an iceblast
             ... on level 6 of the Dungeon.
             The game lasted 00:17:14 (9234 turns).

Newt the Twirler (Gargoyle Monk)                    Turns: 9234, Time: 00:17:15

Health: -9/55      AC: 22    Str: 16    XL:     9   Next: 31%
Magic:  22/22      EV:  6    Int: 12    God:
Gold:   177        SH:  0    Dex: 22    Spells: 14/14 levels left

rFire   . . .      SeeInvis .   k - staff of conjuration
rCold   . . .      Faith    .   (no shield)
rNeg    + . .      Spirit   .   h - +0 plate armour
rPois   ∞          Reflect  .   c - +0 helmet
rElec   +          Harm     .   (no cloak)
rCorr   .          Rampage  .   (no gloves)
Will    .....                   f - +1 pair of boots
Stlth   ..........              (no amulet)
HPRegen 0.18/turn               m - ring of magical power
MPRegen 0.18/turn               i - ring of Moalay {Wiz Int+4}

@: no status effects
A: sickness immunity, AC +6, negative energy resistance 1, electricity
resistance, torment resistance 1, petrification resistance, agile 2
a: no special abilities


You were on level 6 of the Dungeon.
You visited 1 branch of the dungeon, and saw 6 of its levels.
You also visited: Ossuary.

You collected 429 gold pieces.
You spent 252 gold pieces at shops.

Inventory:

Hand Weapons
 a - a +1 mace
 q - a +1 vorpal quarterstaff
Armour
 b - a +0 robe
 c - a +0 helmet (worn)
 f - a +1 pair of boots (worn)
 h - a +0 plate armour (worn)
 l - a +0 leather armour
Magical Staves
 k - a staff of conjuration (weapon)
Jewellery
 i - the ring of Moalay (right hand) {Wiz Int+4}
   (You found it on level 4 of the Dungeon)

   [ring of wizardry]

   It improves your spell success rate.
   Int:       It affects your intelligence (+4).
 m - a ring of magical power (left hand)
Wands
 p - a wand of polymorph (7)
 u - a wand of flame (41)
Scrolls
 d - 2 scrolls of immolation
 n - 6 scrolls of teleportation
 y - 2 scrolls of poison
 B - a scroll of enchant weapon
Potions
 e - a potion of resistance
 g - 2 potions of degeneration
 j - 5 potions of curing
 o - 3 potions of haste
 r - a potion of cancellation
 s - a potion of magic {unknown}
 t - a potion of attraction
 v - a potion of berserk rage
 w - a potion of heal wounds
 x - a potion of invisibility {unknown}
 z - 2 potions of lignification
 A - 2 potions of brilliance {unknown}


   Skills:
 + Level 6.1 Fighting
 - Level 3.8(5.8) Maces & Flails
 * Level 6.8(7.3) Staves
 + Level 2.5 Throwing
 + Level 5.0 Armour
 + Level 3.9 Dodging
 - Level 2.6 Stealth
 + Level 3.1 Shields
 * Level 3.1 Spellcasting
 * Level 6.1 Conjurations
 + Level 2.9 Summonings
 * Level 4.8 Evocations


You had 14 spell levels left.
You didn't know any spells.
Your spell library contained the following spells:

 Spells                   Type           Power      Damage    Failure   Level
 Beastly Appendage        Tmut           2%         N/A       99%         1
 Ensorcelled Hibernation  Hex/Ice        2%         N/A       99%         2
 Wereblood                Tmut           1%         N/A       99%         2
 Frozen Ramparts          Ice            2%         1d8       100%        3
 Spider Form              Tmut/Pois      1%         N/A       100%        3
 Anguish                  Hex/Necr       0%         N/A       100%        4
 Ice Form                 Ice/Tmut       1%         N/A       100%        4
 Summon Ice Beast         Ice/Summ       5%         N/A       100%        4


Dungeon Overview and Level Annotations

Branches:
Dungeon (6/15)            Ossuary (visited)
 Temple: D:4-7

Altars:
Qazlal

Shops:
D:1 **[   D:3 ?   D:5 *(


Innate Abilities, Weirdness & Mutations

You are immune to sickness and miasma.
Your stone body is resilient. (AC +6)
You are immune to poison.
You resist negative energy. (rN+)
You are resistant to electric shocks. (rElec)
You are resistant to unholy torment.
You are immune to petrification.
You are very agile. (Dex +8, Str/Int -2)


Message History

The iceblast engulfs the gnoll!
The iceblast engulfs you! The gnoll hits you with a +0 halberd.
You hit the gnoll. You punch the gnoll.
You kill the gnoll!
The gnoll hits you but does no damage. The gnoll hits you but does no damage.
The gnoll barely misses you. The gnoll hits you but does no damage.
You hit the gnoll.
The gnoll is lightly wounded.
You hit the gnoll.
You blast the gnoll.
The gnoll is almost dead.
The gnoll hits you with a +0 halberd!
The gnoll hits you but does no damage. x2
You hit the gnoll.
You kill the gnoll!
The gnoll zaps a wand.
The mass of ice explodes!
The iceblast engulfs you but does no damage.
The iceblast engulfs the gnoll!
The gnoll hits you but does no damage. The gnoll hits you with a +0 club.
The gnoll hits you with a +0 halberd.
You barely miss the gnoll. The gnoll barely misses you.
The gnoll hits you with a +0 halberd.
You hit the gnoll.
You blast the gnoll.
The gnoll is heavily wounded.
The gnoll hits you but does no damage. The gnoll hits you with a +0 halberd.
You completely miss the gnoll.
The gnoll is heavily wounded.
The gnoll hits you but does no damage. The gnoll hits you with a +0 halberd.
You closely miss the gnoll.
The gnoll is heavily wounded.
You hit the gnoll.
You blast the gnoll.
The gnoll is severely wounded.
The gnoll hits you but does no damage. x2
You closely miss the gnoll.
The gnoll is severely wounded.
The gnoll hits you with a +0 club.
* * * LOW HITPOINT WARNING * * *
The gnoll hits you but does no damage.
You hit the gnoll.
You kill the gnoll!
The gnoll zaps a wand.
The mass of ice explodes!
The iceblast engulfs you!!
You die...

################ ...............#
#############
##############.######...........#
#...............#.########.#
######^######.######..........#.#
...............)g)...#.#####.##.#
#####.......#.#.@###.#.#...#.##.#
........#####.#).###.#.#.#.#.##.#
####..........#<.....#.....#.##.#
.......########..#####.#.###.##.#
.............>.........#.....##.#
.#.#..........#..#####.########.#
...#..........#..#.......[.......
...............<...###.##########
........####...#...# #.#


You could see a gnoll.

Vanquished Creatures
  A steam dragon (D:6)
  A water moccasin (D:5)
  An orc warrior (D:6)
  3 sky beasts
  An ice beast (D:6)
  A phantom (D:5)
  A necrophage (D:6)
  3 scorpions
  4 centaur zombies (Ossuary)
  2 jellies
  A human zombie (Ossuary)
  4 hounds
  2 orc priests (D:5)
  Jessica (D:2)
  3 iguanas
  4 orc wizards
  An ogre zombie (Ossuary)
  8 mummies
  Robin (D:2)
  6 adders
  8 gnolls
  A white imp (D:6)
  An ufetubus (D:5)
  5 adder zombies (Ossuary)
  A worm (D:3)
  A dart slug (D:1)
  18 orcs
  4 ball pythons
  3 bats (D:1)
  5 endoplasms
  2 giant cockroaches
  A gnoll zombie (Ossuary)
  17 goblins
  8 hobgoblins
  3 jackals (D:3)
  5 frilled lizards
  3 goblin zombies
  4 hobgoblin zombies (Ossuary)
  10 kobolds
  3 kobold zombies (Ossuary)
  An orc zombie (D:5)
  3 quokka zombies (Ossuary)
  5 rats
  6 rat zombies (Ossuary)
167 creatures vanquished.

Vanquished Creatures (others)
  A plant (D:1)
1 creature vanquished.

Grand Total: 168 creatures vanquished

Notes
Turn   | Place    | Note
-------+----------+-------------------------------------------
     0 | D:1      | Newt the Gargoyle Monk began the quest for the Orb.
     0 | D:1      | Reached XP level 1. HP: 14/14 MP: 1/1
   118 | D:1      | Found Domn's Assorted Antiques.
   253 | D:1      | Reached XP level 2. HP: 19/19 MP: 2/2
   367 | D:1      | Found Asanyur's Armour Shop.
   526 | D:1      | Found Enipocex's Assorted Antiques.
   553 | D:1      | Found a faded altar of an unknown god.
   927 | D:2      | Reached XP level 3. HP: 21/24 MP: 3/3
   957 | D:2      | Noticed Jessica
   990 | D:2      | Killed Jessica
  1149 | D:2      | Reached XP level 4. HP: 23/29 MP: 4/4
  1587 | D:3      | Noticed Robin
  1600 | D:3      | Found Ykedghauh's Magic Scroll Boutique.
  2110 | D:2      | Reached skill level 1 in Staves
  2338 | D:3      | Reached XP level 5. HP: 18/33 MP: 5/5
  2742 | D:2      | Killed Robin
  3283 | D:3      | Reached skill level 1 in Conjurations
  3571 | D:3      | Bought 3 scrolls of identify for 60 gold pieces
  3662 | D:3      | Found a stormy altar of Qazlal.
  4078 | D:4      | Reached skill level 1 in Armour
  4096 | D:4      | Noticed a black bear
  4599 | D:4      | Reached skill level 5 in Fighting
  4599 | D:4      | Reached skill level 5 in Conjurations
  4599 | D:4      | Reached XP level 6. HP: 41/41 MP: 5/9
  4653 | D:4      | Reached skill level 5 in Staves
  4691 | D:4      | Identified the ring of Moalay {Wiz Int+4}
  5285 | D:5      | Entered Level 5 of the Dungeon
  5313 | D:5      | Reached XP level 7. HP: 39/45 MP: 10/10
  5586 | D:5      | Found a sand-covered staircase.
  5598 | Ossuary  | Entered an ossuary
  6354 | Ossuary  | Reached XP level 8. HP: 51/51 MP: 11/11
  6768 | Ossuary  | Gained mutation: You are agile. (Dex +4, Str/Int -1)
                  | [potion of mutation]
  6768 | Ossuary  | Gained mutation: You are very agile. (Dex +8, Str/Int -2)
                  | [potion of mutation]
  6856 | D:5      | Found Cubb's Antique Weapon Shop.
  6905 | D:5      | Bought a runed quarterstaff for 168 gold pieces
  6982 | D:5      | Noticed a hornet
  6982 | D:5      | an ogre changed into a hornet
  6983 | D:5      | Noticed a wyvern
  6983 | D:5      | a hornet changed into a wyvern
  6984 | D:5      | a wyvern changed into a sky beast
  7179 | D:5      | Found Niha's General Store.
  7186 | D:5      | Bought a scroll of identify for 24 gold pieces
  8149 | D:6      | Reached XP level 9. HP: 30/55 MP: 13/13
  9062 | D:6      | Reached skill level 5 in Armour
  9234 | D:6      | Killed from afar by a gnoll

Illustrated notes

Levels and vault maps discovered:
D:1:      psy_arrival_statuary, layout_loops_ring, serial_shops,
          nicolae_shop_hallway_stairs, nicolae_shop_overgrown_old_shop, shop,
          shapermc_ecumenical_altar_acropolis, minmay_3d_cube
D:2:      layout_rooms, uniq_jessica
D:3:      layout_rooms, mainiacjoe_overflow_alcove_4, serial_shops, shop,
          uniq_robin
D:4:      layout_basic
D:5:      layout_gridville, serial_shops, nicolae_shop_statue_plus,
          nicolae_ossuary_entry_giza, corexii_hall_statues_i,
          kennysheep_small_square
D:6:      layout_basic, minivault_23

Skill      XL: |  1  2  3  4  5  6  7  8  9 |
---------------+----------------------------+-----
Fighting       | 4 5 6 |  6.1
Staves         | 1 4 5 6 |  6.8
Conjurations   | 5 6 |  6.1
Armour         | 3 4 5 |  5.0
Throwing       | 2 |  2.5
Dodging        | 3 |  3.9
Shields        | 3 |  3.1
Spellcasting   | 2 3 |  3.1
Summonings     | 2 |  2.9
Evocations     | 4 |  4.8
Maces & Flails | |  3.8
Stealth        | |  2.6

Action                   |  1- 3 |  4- 6 |  7- 9 || total
-------------------------+-------+-------+-------++-------
Melee: Mace              |    82 |       |       ||    82
       Punch             |     1 |     9 |    14 ||    24
       Staff             |       |   407 |   600 ||  1007
Evoke: Wand              |       |       |     9 ||     9
  Use: Scroll            |     2 |    13 |     6 ||    21
       Potion            |       |     5 |     5 ||    10
 Stab: Sleeping          |     2 |     1 |       ||     3
Armor: Robe              |    43 |     1 |       ||    44
       Leather armour    |       |   129 |       ||   129
       Skin              |       |     1 |    13 ||    14
       Plate armour      |       |    80 |   428 ||   508
Dodge: Dodged            |    57 |   223 |   145 ||   425

Table legend: (Time is in decaauts)
 A = Elapsed time spent in this place.
 B = Non-inter-level travel time spent in this place.
 C = Inter-level travel time spent in this place.
 D = Time resting spent in this place.
 E = Time spent auto-exploring this place.
 F = Levels seen in this place.
 G = Mean time per level.
                   A        B        C        D        E       F      G
               +--------+--------+--------+--------+--------+-----+--------+
         Total |   9158 |   9043 |    115 |   2874 |   4382 |   7 | 1308.3 |
       Dungeon |   7992 |   7877 |    115 |   2614 |   3802 |   6 | 1332.0 |
       Ossuary |   1165 |   1165 |      0 |    260 |    580 |   1 | 1165.0 |
               +--------+--------+--------+--------+--------+-----+--------+

Top non-repeatable levels by time:
     D:2: 2172 daAuts
     D:5: 1431 daAuts
     D:4: 1285 daAuts
     D:6: 1253 daAuts
 Ossuary: 1165 daAuts
     D:3: 959 daAuts
     D:1: 890 daAuts
